 Dungeon Crawl Stone Soup version 0.31-a0-667-g39726597b9 (webtiles) character file.

Game seed: 4975502300262816499

385 GordonOverkill the Shooter (level 6, 0/47 HPs)
             Began as a Barachi Delver on Sept 4, 2023.
             Succumbed to a scorpion's poison
             ... on level 5 of the Dungeon.
             The game lasted 00:02:34 (1124 turns).

GordonOverkill the Shooter (Barachi Delver)         Turns: 1124, Time: 00:02:35

Health: 0/47       AC:  3    Str: 13    XL:     6   Next: 77%
Magic:  6/6        EV: 12    Int: 11    God:
Gold:   20         SH:  0    Dex: 15    Spells: 5/5 levels left

rFire   . . .        a - +0 falchion
rCold   . . .        (no shield)
rNeg    . . .        l - +0 leather armour
rPois   .            (no helmet)
rElec   .            (no cloak)
rCorr   .            (no gloves)
SInv    .            (no boots)
Will    .....        (no amulet)
Stlth   +++          (no ring)
HPRegen 0.27/turn    (no ring)
MPRegen 0.10/turn

%: no passive effects
@: lethally poisoned (0 -> -18), slow
A: amphibious, slowness 1, strong legs 1, +LOS
a: Hop


You were on level 5 of the Dungeon.
You visited 1 branch of the dungeon, and saw 2 of its levels.

You collected 20 gold pieces.

Inventory:

Hand Weapons
 a - a +0 falchion (weapon)
 b - a +0 orcbow
Armour
 i - a +0 ring mail
 l - a +0 leather armour (worn)
Wands
 g - a wand of digging (3)
 h - a wand of roots (11)
Scrolls
 c - a scroll of fog
 d - a scroll of revelation
 j - 3 scrolls of identify {unknown}
 m - a scroll of noise {unknown}
Potions
 k - a potion of attraction


   Skills:
 - Level 3.6 Fighting
 - Level 2.4 Long Blades
 + Level 6.6 Ranged Weapons
 - Level 2.1 Dodging
 - Level 4.5 Stealth


You had 5 spell levels left.
You didn't know any spells.
Your spell library was empty.

Dungeon Overview and Level Annotations

Branches:
Dungeon (6/15)
 Temple: D:4-7

Altars:
Ru

Annotations:
D:6 Prince Ribbit


Innate Abilities, Weirdness & Mutations

You are amphibious.
You cover ground slowly.
You can hop short distances.
You have an extended range of vision and can be seen from far away.


Message History

The steam dragon is attracted toward you.
The adder is attracted toward you.
The steam dragon is attracted toward you.
The adder is attracted toward you.
There is an escape hatch in the ceiling here.
A mysterious force pulls you upwards. The hatch slams shut behind you.
The scorpion is attracted toward you.
Found a yellow potion.
The scorpion is attracted toward you.
You feel less attractive to monsters.
You hit the scorpion but do no damage. The scorpion barely misses you.
You hit the scorpion.
The scorpion is lightly wounded.
The scorpion stings you but does no damage.
You hit the scorpion.
The scorpion is moderately wounded.
The scorpion stings you.
* * * LOW HITPOINT WARNING * * *
The scorpion barely misses you.
You hit the scorpion.
You punch the scorpion, but do no damage.
The scorpion is heavily wounded.
The scorpion stings you but does no damage.
You hit the scorpion but do no damage.
The scorpion is heavily wounded.
The scorpion stings you.
* * * LOW HITPOINT WARNING * * *
You are poisoned.
The scorpion poisons you! The scorpion stings you.
* * * LOW HITPOINT WARNING * * *
You hit the scorpion but do no damage.
The scorpion is moderately wounded.
* * * LOW HITPOINT WARNING * * *
You feel very sick. The scorpion stings you.
* * * LOW HITPOINT WARNING * * *
You are more poisoned.
The scorpion poisons you!
You closely miss the scorpion.
The scorpion is moderately wounded.
You die...

..........# ..
..........## ..#.
...........# ...
...........#..#
...........#..#
.............#
............!##
.........s....###.
.........@........
..........###.....
..........# #..
..........#
..........#
.......^...
........#..
......###### ....#


You could see a scorpion.

Vanquished Creatures
  Eustachio (D:6)
  A scorpion (D:6)
  3 hounds (D:6)
  2 iguanas (D:6)
  A sleepcap (D:6)
  2 adders (D:6)
  A white imp (D:6)
  An ufetubus (D:6)
12 creatures vanquished.

Notes
Turn   | Place    | Note
-------+----------+-------------------------------------------
     0 | D:5      | GordonOverkill the Barachi Delver began the quest for the
                  | Orb.
     0 | D:5      | Reached XP level 1. HP: 18/18 MP: 1/1
    27 | D:6      | Noticed a sleepcap
    90 | D:6      | Found a sacrificial altar of Ru.
   100 | D:6      | Reached skill level 1 in Ranged Weapons
   100 | D:6      | Reached XP level 2. HP: 5/24 MP: 2/2
   198 | D:6      | Reached skill level 2 in Ranged Weapons
   198 | D:6      | Reached XP level 3. HP: 14/29 MP: 3/3
   310 | D:6      | Reached skill level 3 in Ranged Weapons
   326 | D:6      | Reached XP level 4. HP: 35/36 MP: 4/4
   344 | D:6      | Noticed Prince Ribbit
   476 | D:6      | Reached skill level 4 in Ranged Weapons
   549 | D:6      | Reached XP level 5. HP: 22/41 MP: 5/5
   834 | D:6      | Reached skill level 5 in Ranged Weapons
   892 | D:6      | Noticed Eustachio
   929 | D:6      | Killed Eustachio
   930 | D:6      | Reached skill level 6 in Ranged Weapons
   930 | D:6      | Reached XP level 6. HP: 17/47 MP: 6/6
  1085 | D:6      | Noticed a steam dragon
  1124 | D:5      | Succumbed to a scorpion's poison

Illustrated notes

Levels and vault maps discovered:
D:5:      layout_layer_cave, minmay_temple_entry_wispy, serial_shops, shop,
          small_statue_intersection, minmay_joined_circles
D:6:      layout_loops_ring, lemuel_crystal_altar, uniq_eustachio,
          uniq_prince_ribbit1, uniq_crazy_yiuf_cottage

Skill      XL: |  1  2  3  4  5 |
---------------+----------------+-----
Ranged Weapons | 1 2 3 4 6 |  6.6
Fighting       | |  3.6
Long Blades    | |  2.4
Dodging        | |  2.1
Stealth        | |  4.5

Action                     |  1- 3 |  4- 6 || total
---------------------------+-------+-------++-------
  Melee: Falchion          |    12 |    41 ||    53
         Punch             |       |     2 ||     2
   Fire: Orcbow            |    14 |    36 ||    50
    Use: Potion            |       |     2 ||     2
         Scroll            |       |     1 ||     1
 Armour: Leather armour    |    15 |    40 ||    55
  Dodge: Dodged            |    15 |    37 ||    52

Table legend: (Time is in decaauts)
 A = Elapsed time spent in this place.
 B = Non-inter-level travel time spent in this place.
 C = Inter-level travel time spent in this place.
 D = Time resting spent in this place.
 E = Time spent auto-exploring this place.
 F = Levels seen in this place.
 G = Mean time per level.
                   A        B        C        D        E       F      G
               +--------+--------+--------+--------+--------+-----+--------+
         Total |   1212 |   1212 |      0 |    571 |    305 |   2 |  606.0 |
       Dungeon |   1212 |   1212 |      0 |    571 |    305 |   2 |  606.0 |
               +--------+--------+--------+--------+--------+-----+--------+

Top non-repeatable levels by time:
     D:6: 1196 daAuts
     D:5: 15 daAuts
